 Dungeon Crawl Stone Soup version 0.32-a0-859-gb0a091d592 (webtiles) character file.

Game seed: 9707564321908986841

23739 LisatheFox the Thaumaturge (level 13, 0/118 HPs)
             Began as a Merfolk Ice Elementalist on Mar 20, 2024.
             Was an Elder of Sif Muna.
             Slain by a seven-headed hydra (11 damage)
             ... on level 2 of the Lair of Beasts on Mar 27, 2024.
             The game lasted 00:46:31 (18140 turns).

LisatheFox the Thaumaturge (MfIE)                  Turns: 18140, Time: 00:46:31

Health: 0/118      AC: 35    Str:  9    XL:     13   Next: 8%
Magic:  1/29       EV:  2    Int: 19    God:    Sif Muna [****..]
Gold:   786        SH:  5    Dex: 20    Spells: 10/36 levels left

rFire   . . .        m - +3 spear (venom)
rCold   . . .        (no shield)
rNeg    . . .        i - melded +0 leather armour of the Watchman {rElec Str+4}
rPois   +            p - melded +2 helmet
rElec   .            C - melded +2 cloak
rCorr   .            q - melded +2 pair of gloves
SInv    .            (boots currently unavailable)
Will    .....        a - amulet of reflection
Stlth   ++           j - +6 ring of dexterity
HPRegen 0.39/turn    y - +5 ring of evasion
MPRegen 0.21/turn

%: reflection
@: ice-armoured, tree-form, forested
A: stationary, stasis, torment immunity, boosted hp, (nimble swimmer 2),
(mertail)
a: Renounce Religion, Channel Magic, Forget Spell, Divine Exegesis


You were on level 2 of the Lair of Beasts.
You worshipped Sif Muna.
Sif Muna was greatly pleased with you.
You were a tree.
You visited 3 branches of the dungeon, and saw 15 of its levels.

You collected 786 gold pieces.

Inventory:

Hand Weapons
 m - a +3 spear of venom (weapon)
Missiles
 n - 2 throwing nets
Armour
 i - the +0 leather armour of the Watchman (melded) {rElec Str+4}
   (You found it on level 3 of the Dungeon)

   Str+4:     It affects your strength (+4).
   rElec:     It insulates you from electricity.
 p - a +2 helmet (melded)
 q - a +2 pair of gloves (melded)
 C - a +2 cloak (melded)
Magical Staves
 l - a staff of conjuration
Jewellery
 a - an amulet of reflection (around neck)
 j - a +6 ring of dexterity (left branch)
 y - a +5 ring of evasion (right branch)
Wands
 g - a wand of flame (39)
 u - a wand of warping (2)
 x - a wand of paralysis (2)
 z - a wand of digging (5)
Scrolls
 c - 2 scrolls of fog
 d - 4 scrolls of teleportation
 D - a scroll of fear
Potions
 b - 3 potions of magic
 e - a potion of curing
 f - a potion of lignification
 h - a potion of berserk rage
 k - a potion of cancellation
 o - a potion of haste
 s - 2 potions of resistance
 t - 3 potions of enlightenment
 v - a potion of mutation
 B - a potion of invisibility
 E - a potion of brilliance {unknown}
Miscellaneous
 w - a box of beasts


   Skills:
 - Level 2.6 Dodging
 - Level 2.1 Stealth
 + Level 12.2 Spellcasting
 + Level 10.2 Summonings
 - Level 5.0 Translocations
 - Level 10.0 Ice Magic
 + Level 10.8 Invocations


You had 10 spell levels left.
You knew the following spells:

 Your Spells              Type           Power      Damage    Failure   Level
a - Freeze                Ice            100%       1d10      1%          1
b - Frozen Ramparts       Ice            98%        1d15      1%          3
c - Ozocubu's Armour      Ice            49%        N/A       1%          3
d - Summon Ice Beast      Ice/Summ       50%        N/A       1%          3
e - Summon Forest         Summ/Tloc      20%        N/A       8%          5
f - Summon Mana Viper     Hex/Summ       31%        N/A       21%         5
g - Summon Cactus Giant   Summ           25%        N/A       14%         6

Your spell library contained the following spells:

 Spells                   Type           Power      Damage    Failure   Level
 Apportation              Tloc           60%        N/A       1%          1
 Summon Small Mammal      Summ           100%       N/A       1%          1
 Necrotise                Necr           44%        1d6       6%          1
 Slow                     Hex            44%        N/A       6%          1
 Sting                    Conj/Alch      44%        1d5       6%          1
 Volatile Blastmotes      Fire/Tloc      42%        2d13      6%          3
 Confusing Touch          Hex            11%        N/A       19%         3
 Dazzling Flash           Conj/Hex       22%        N/A       19%         3
 Fugue of the Fallen      Necr           11%        N/A       19%         3
 Mephitic Cloud           Conj/Alch/Air  11%        N/A       19%         3
 Passwall                 Erth           11%        N/A       19%         3
 Vampiric Draining        Necr           11%        2d6       19%         3
 Curse of Agony           Necr           11%        N/A       86%         5
 Silence                  Hex/Air        5%         N/A       86%         5
 Bombard                  Conj/Erth      5%         9d2       100%        6
 Manifold Assault         Tloc           15%        N/A       100%        7


Dungeon Overview and Level Annotations

Branches:
Dungeon (11/15)            Temple (1/1) D:7            Lair (3/5) D:8
  Swamp (0/4) Lair:2          Orc (0/2) D:11
  Snake: Lair:2-3    Spider: Lair:2-3

Altars:
Ashenzari
Cheibriados
Dithmenos
Elyvilon
Fedhas
Gozag
Hepliaklqana
Kikubaaqudgha
Makhleb
Nemelex Xobeh
Okawaru
Qazlal
Ru
Sif Muna
Trog
Uskayaw
Vehumet
Wu Jian
Xom
Yredelemnul
Zin
The Shining One


Innate Abilities, Weirdness & Mutations

You are a tree.
Your roots penetrate the ground, keeping you stationary.
You cannot be teleported.
You are immune to unholy pain and torment.
Your maximum health is greatly increased.
Your equipment is partially melded.
((You are very nimble when in or above water. (Stealth+, EV+, Speed+++)))
((Your lower body shifts to a powerful aquatic tail in water.))


Message History

The seven-headed hydra bites you.
The seven-headed hydra bites you but does no damage.
The cane toad stings you but does no damage.
You are too injured to fight recklessly!
Casting: Summon Ice Beast (safe; 1% risk of failure)
Press: ? - help, Q - select action, (/) - cycle Dir - look around, f - activate A chill wind blows around you.
You block the polar bear's attack. The polar bear claws you.
The polar bear barely misses you. The cane toad stings you.
The seven-headed hydra bites you!
* * * LOW HITPOINT WARNING * * *
The seven-headed hydra bites you but does no damage. x2
The seven-headed hydra bites you.
* * * LOW HITPOINT WARNING * * *
The seven-headed hydra bites you but does no damage. x3
Casting: Summon Cactus Giant (dangerous; 14% risk of failure)
Press: ? - help, Q - select action, (/) - cycle Dir - look around, f - activate The polar bear bites you but does no damage.
The polar bear barely misses you.
The polar bear claws you but does no damage.
The cane toad stings you!
* * * LOW HITPOINT WARNING * * *
You block the seven-headed hydra's attack.
The seven-headed hydra bites you but does no damage. x2
The seven-headed hydra bites you.
* * * LOW HITPOINT WARNING * * *
The seven-headed hydra bites you but does no damage.
The seven-headed hydra bites you.
* * * LOW HITPOINT WARNING * * *
The seven-headed hydra bites you but does no damage.
Unknown command.
You feel better. You block the polar bear's attack.
The polar bear claws you but does no damage. x2
The cane toad stings you but does no damage.
The seven-headed hydra bites you.
* * * LOW HITPOINT WARNING * * *
The seven-headed hydra bites you but does no damage. x3
The seven-headed hydra completely misses you.
The seven-headed hydra bites you!
You die...

.......##†##........#.....###....
##.######.##.....................
.#..P.##...#........#.......P....
.##......P##.....÷÷##.......##.^.
.†..P....####......##.......#....
######.###..#.......#.......##...
###................###.###.##....
................Fh.##...P.#......
..............CY♣.÷..............
.................D.........<.....
.................................
.......................÷.........
.....................>...........
##...................[..........#
#......P#...P##.......#.####.....
##.....##...###....PP..#####...(#
.............#P....#P.....##....+


You could see a seven-headed hydra, a polar bear, a cane toad (ally target), a
friendly cactus giant (summoned) and a friendly ice beast (summoned).

Vanquished Creatures
  A centaur warrior (D:10)
  A hydra (Lair:2)
  2 boulder beetles (D:11)
  A two-headed ogre (D:11)
  3 black mambas
  6 cane toads
  An unseen horror (shapeshifter) (D:9)
  3 komodo dragons
  4 trolls
  20 blink frogs (Lair:1)
  4 wyverns
  13 yaks
  4 basilisks
  Grum (D:9)
  An acid dragon (D:11)
  4 water moccasins
  Duvessa (D:5)
  An ice beast (D:6)
  2 sky beasts (D:8)
  8 orc warriors
  7 wolves
  3 ogres
  3 centaurs
  A phantom (D:5)
  6 kobold brigands
  8 bullfrogs
  3 gnoll sergeants
  A scorpion (D:5)
  6 wights
  Dowan (D:5)
  10 killer bees (D:9)
  4 electric eels
  9 howler monkeys
  3 bombardier beetles
  4 hounds
  A jelly (D:8)
  4 gnoll boudas
  6 orc priests
  7 iguanas
  A sleepcap (D:6)
  11 orc wizards
  28 gnolls
  6 adders
  A shadow imp (D:5)
  A white imp (D:6)
  4 ufetubi
  2 ribbon worms
  8 dart slugs
  58 orcs
  5 endoplasms
  8 giant cockroaches
  2 goblins (D:1)
  9 hobgoblins
  3 jackals (D:3)
  42 kobolds
  3 quokkas
  6 ball pythons
  6 bats
  3 frilled lizards
  4 rats
  A spectral kobold (D:2)
380 creatures vanquished.

Vanquished Creatures (collateral kills)
  A hydra (Lair:2)
  5 komodo dragons
  A vampire (D:11)
  5 wolves (Lair:3)
  3 wights
  A white imp (D:6)
16 creatures vanquished.

Vanquished Creatures (others)
  A water moccasin (Lair:3)
  A wolf (Lair:3)
2 creatures vanquished.

Grand Total: 398 creatures vanquished

Notes
Turn   | Place    | Note
-------+----------+-------------------------------------------
     0 | D:1      | LisatheFox the Merfolk Ice Elementalist began the quest for
                  | the Orb.
     0 | D:1      | Reached XP level 1. HP: 13/13 MP: 3/3
   186 | D:1      | Reached XP level 2. HP: 18/19 MP: 3/5
   616 | D:1      | Reached XP level 3. HP: 24/24 MP: 3/6
   746 | D:1      | Reached skill level 5 in Ice Magic
   882 | D:1      | Learned a level 3 spell: Frozen Ramparts
   886 | D:1      | Learned a level 3 spell: Ozocubu's Armour
  1248 | D:2      | Reached skill level 3 in Spellcasting
  1284 | D:2      | Found a faded altar of an unknown god.
  1406 | D:2      | Reached XP level 4. HP: 30/30 MP: 4/8
  1987 | D:3      | Found a snail-covered altar of Cheibriados.
  2211 | D:3      | Identified the +0 leather armour of the Watchman {rElec
                  | Str+4}
  2691 | D:3      | Reached XP level 5. HP: 35/35 MP: 4/10
  2818 | D:3      | Learned a level 3 spell: Summon Ice Beast
  2978 | D:4      | Found a broken altar of Ashenzari.
  3178 | D:4      | Reached skill level 4 in Spellcasting
  3418 | D:4      | Noticed an ogre
  3428 | D:4      | Killed an ogre
  3429 | D:4      | Reached XP level 6. HP: 41/41 MP: 4/12
  3730 | D:4      | Reached skill level 5 in Spellcasting
  3730 | D:4      | Reached XP level 7. HP: 38/46 MP: 10/14
  4306 | D:5      | Entered Level 5 of the Dungeon
  4313 | D:5      | Learned a level 5 spell: Summon Forest
  4424 | D:5      | Noticed Duvessa
  4426 | D:5      | Noticed Dowan
  4433 | D:5      | Killed Duvessa
  4441 | D:5      | Killed Dowan
  4966 | D:5      | Reached XP level 8. HP: 52/52 MP: 12/16
  5045 | D:5      | Reached skill level 6 in Spellcasting
  6604 | D:7      | Reached skill level 7 in Spellcasting
  6781 | D:7      | Found a white marble altar of Elyvilon.
  6804 | D:7      | Reached XP level 9. HP: 57/57 MP: 17/20
  6927 | D:7      | Found a glowing silver altar of Zin.
  6928 | D:7      | Found an ornate altar of the Wu Jian Council.
  6955 | D:7      | Reached skill level 10 in Ice Magic
  7147 | D:7      | Reached skill level 1 in Summonings
  7158 | D:7      | Reached skill level 1 in Translocations
  7292 | D:7      | Reached skill level 8 in Spellcasting
  7530 | D:7      | Found a staircase to the Ecumenical Temple.
  7539 | Temple   | Entered the Ecumenical Temple
  7544 | Temple   | Became a worshipper of Sif Muna the Loreminder
  7598 | D:7      | Reached skill level 1 in Invocations
  7966 | D:8      | Found a staircase to the Lair.
  8317 | D:8      | Reached * piety under Sif Muna
  8534 | D:8      | Reached XP level 10. HP: 13/62 MP: 14/22
  9257 | D:9      | Reached skill level 9 in Spellcasting
  9692 | D:9      | Found a sacrificial altar of Ru.
  9809 | D:9      | Killed an unseen horror
 10081 | D:9      | Noticed Grum
 10094 | D:9      | Reached skill level 5 in Summonings
 10100 | D:9      | Killed Grum
 10101 | D:9      | Reached skill level 5 in Invocations
 10632 | D:9      | Reached ** piety under Sif Muna
 10931 | D:10     | Entered Level 10 of the Dungeon
 11031 | D:10     | Found a burning altar of Makhleb.
 11446 | D:10     | Reached XP level 11. HP: 36/68 MP: 19/24
 11641 | D:10     | Noticed a centaur warrior
 11655 | D:10     | Killed a centaur warrior
 11656 | D:10     | Reached skill level 5 in Translocations
 12112 | D:11     | Noticed a boulder beetle
 12131 | D:11     | Killed a boulder beetle
 12412 | D:11     | Found a staircase to the Orcish Mines.
 12440 | D:11     | Reached *** piety under Sif Muna
 12452 | D:11     | Reached skill level 10 in Spellcasting
 12682 | D:11     | Noticed a boulder beetle
 12699 | D:11     | Killed a boulder beetle
 13580 | D:11     | Noticed a two-headed ogre
 13589 | D:11     | Killed a two-headed ogre
 13840 | Lair:1   | Entered Level 1 of the Lair of Beasts
 14654 | Lair:1   | Learned a level 5 spell: Summon Mana Viper
 14661 | Lair:1   | Learned a level 6 spell: Summon Cactus Giant
 14790 | Lair:1   | Reached XP level 12. HP: 74/74 MP: 16/26
 14931 | Lair:1   | Reached **** piety under Sif Muna
 15118 | Lair:1   | Reached skill level 11 in Spellcasting
 16212 | Lair:2   | Found a staircase to the Swamp.
 16595 | Lair:2   | Noticed a seven-headed hydra
 16605 | Lair:2   | Killed a seven-headed hydra
 16609 | Lair:2   | Reached skill level 10 in Invocations
 17026 | Lair:2   | Noticed a four-headed hydra
 17050 | Lair:2   | Killed a four-headed hydra
 17278 | Lair:2   | Reached skill level 12 in Spellcasting
 17673 | Lair:2   | Reached skill level 10 in Summonings
 17673 | Lair:2   | Reached XP level 13. HP: 35/79 MP: 19/29
 18052 | Lair:2   | Upgraded the game from 0.32-a0-791-gfc315c9ecd to
                  | 0.32-a0-859-gb0a091d592
 18140 | Lair:2   | Slain by a seven-headed hydra

Illustrated notes

Levels and vault maps discovered:
D:1:      evilmike_arrival_crescent, layout_rooms, minmay_misc_feat_ornament,
          nicolae_concentric_dashed_squares_mild, lexackson_kobold_supper
D:2:      layout_basic, dreamdust_ecumenical_altar_drowned_temple
D:3:      layout_loops_ring, kennysheep_slug_shrine
D:4:      minmay_opposing_rooms, layout_gridville, nicolae_ashenzari_skybound,
          serial_glass, glass_columns_a, glass_columns_a
D:5:      layout_rooms, uniq_duvessa
D:6:      layout_loops_corners
D:7:      layout_basic, nicolae_overflow_crystal_walls,
          nicolae_overflow_squiral, minmay_temple_entry_overgrown,
          minmay_checkerbox
D:8:      layout_gridville, dpeg_oklobed_lair, kennysheep_generic_room_11
D:9:      layout_gridville, mainiacjoe_overflow_tiny_flanked,
          water_boxes_lemuel, uniq_grum
D:10:     layout_irregular_city, overflow_temple_1_default, serial_park_tiny_1
D:11:     layout_irregular_city, hiddenorc2_lemuel
Temple:   minmay_freezing_vapour_temple
Lair:1:   layout_cave_pods, chequers_serial_rivers_small_a,
          infiniplex_staircase_pool_2
Lair:2:   beast_lair_carwin_large_3, layout_regular_city, swamp_mist_pool,
          pdpol_lair_neglected_garden
Lair:3:   layout_big_grid, alex1729_snake_entry_snake, nzn_random_ring

Skill      XL: |  1  2  3  4  5  6  7  8  9 10 11 12 |
---------------+-------------------------------------+-----
Ice Magic      | 5 6 7 8 9 10 | 10.0
Spellcasting   | 3 4 5 7 8 9 10 12 | 12.2
Summonings     | 3 5 8 10 | 10.2
Translocations | 3 4 5 |  5.0
Invocations    | 3 5 8 10 | 10.8
Dodging        | |  2.6
Stealth        | |  2.1

Action                     |  1- 3 |  4- 6 |  7- 9 | 10-12 | 13-15 || total
---------------------------+-------+-------+-------+-------+-------++-------
  Melee: Unarmed           |     9 |       |       |       |       ||     9
         Whip              |     4 |       |       |       |       ||     4
         Dagger            |     1 |    14 |       |       |       ||    15
         Spear             |       |       |   126 |    62 |       ||   188
   Cast: Freeze            |    60 |   110 |   184 |   513 |    12 ||   879
         Ozocubu's Armour  |       |     1 |    12 |    29 |     2 ||    44
         Frozen Ramparts   |       |     1 |    16 |    30 |     1 ||    48
         Summon Ice Beast  |       |       |     9 |     6 |     2 ||    17
         Summon Forest     |       |       |       |     2 |     1 ||     3
         Summon Cactus Gia |       |       |       |     1 |     1 ||     2
 Invoke: Divine Exegesis   |       |       |       |     1 |       ||     1
  Evoke: Wand              |       |       |       |     4 |       ||     4
    Use: Scroll            |     2 |     7 |    11 |     9 |     1 ||    30
         Potion            |       |       |     1 |     8 |     2 ||    11
   Stab: Distracted        |       |       |     1 |       |       ||     1
 Armour: Robe              |    25 |     7 |       |       |       ||    32
         Leather armour    |       |    46 |   209 |   436 |     8 ||   699
         Skin              |       |       |       |       |    44 ||    44
  Dodge: Dodged            |    28 |    63 |   176 |   290 |    33 ||   590
  Block: Other             |       |    18 |    80 |   117 |    11 ||   226
         Reflection        |       |       |     3 |     3 |       ||     6

Table legend: (Time is in decaauts)
 A = Elapsed time spent in this place.
 B = Non-inter-level travel time spent in this place.
 C = Inter-level travel time spent in this place.
 D = Time resting spent in this place.
 E = Time spent auto-exploring this place.
 F = Levels seen in this place.
 G = Mean time per level.
                   A        B        C        D        E       F      G
               +--------+--------+--------+--------+--------+-----+--------+
         Total |  18100 |  17613 |    487 |    199 |  14739 |  15 | 1206.7 |
       Dungeon |  13800 |  13421 |    379 |    199 |  11209 |  11 | 1254.5 |
        Temple |     10 |      1 |      9 |      0 |      0 |   1 |   10.0 |
          Lair |   4289 |   4191 |     98 |      0 |   3529 |   3 | 1429.7 |
               +--------+--------+--------+--------+--------+-----+--------+

Top non-repeatable levels by time:
  Lair:1: 2281 daAuts
  Lair:2: 1992 daAuts
     D:9: 1805 daAuts
    D:11: 1671 daAuts
     D:6: 1352 daAuts
     D:4: 1327 daAuts
     D:7: 1309 daAuts
     D:8: 1219 daAuts
    D:10: 1212 daAuts
     D:1: 1044 daAuts
     D:3: 999 daAuts
     D:5: 938 daAuts
     D:2: 920 daAuts
  Lair:3: 15 daAuts
  Temple: 10 daAuts
